[Event "Late Titled Tuesday Blitz February 8 2022"]
[White "Risteski, Emil"]
[Black "Ozen, Deniz"]
[WhiteFideId "15005267"]
[BlackFideId "6349196"]
[WhiteElo "2070"]
[BlackElo "2326"]
[Result "1/2-1/2"]
[Round "02"]
[TimeControl "180+1"]
[Date "2022.02.08"]
[WhiteClock "0:00:18"]
[BlackClock "0:00:06"]

1. e4 e5 2. Nf3 Nf6 3. Nc3 Nc6 4. g3 Bc5 5. Bg2 d6 6. O-O O-O 7. d3 Ne7 8. Na4 Bb6 9. c4 Ng6 10. Nxb6 axb6 11. h3 c6 12. b3 d5 13. Qe2 Re8 14. Bb2 d4 15. a4 c5 16. Bc1 Rf8 17. Bd2 Ne8 18. Ra2 Nd6 19. Rfa1 h6 20. b4 f5 21. exf5 Bxf5 22. g4 Bxd3 23. Qxd3 e4 24. Qb1 exf3 25. Qxg6 fxg2 26. Bxh6 Qf6 27. Qxf6 Rxf6 28. Bg5 Re6 29. a5 Nxc4 30. bxc5 Rxa5 31. cxb6 Rxa2 32. Rxa2 d3 33. Kxg2 Rxb6 34. h4 Rd6 35. Bd2 b5 36. Kf3 Re6 37. Bc3 Re7 38. h5 Kh7 39. g5 Rd7 40. Bd2 g6 41. h6 Nxd2+ 42. Rxd2 Rd5 43. Ke4 Rxg5 44. Rxd3 Kxh6 45. Rd6 Rf5 46. f4 Kg7 47. Rb6 Kh7 48. Ke3 Rc5 49. Kf3 Kg7 50. Kg4 Kh7 51. Rb7+ Kh6 52. Rb6 Rd5 53. Rb7 Rc5 54. Rb6 Kh7 55. Rb7+ Kg8 56. Rb6 Kf7 57. Rb7+ Ke8 58. Rb6 Kf7 59. Rb7+ Kf6 60. Rb6+ Kg7 61. Rb7+ Kh6 1/2-1/2


[Site "https://www.chess.com"]

[Event "Late Titled Tuesday Blitz February 8 2022"]
[White "Rorrer, Grayson"]
[Black "Dobre, Claudiu-Cristian"]
[WhiteFideId "30944996"]
[BlackFideId "1211854"]
[WhiteElo "2122"]
[BlackElo "2207"]
[Result "0-1"]
[Round "02"]
[TimeControl "180+1"]
[Date "2022.02.09"]
[WhiteClock "0:00:13"]
[BlackClock "0:00:07"]

1. e4 Nc6 2. Nf3 d6 3. d4 Nf6 4. Nc3 e5 5. Bb5 Bd7 6. O-O exd4 7. Nxd4 Be7 8. Be3 O-O 9. Nxc6 bxc6 10. Bd3 Ng4 11. Bf4 Bg5 12. Bg3 Bh4 13. Be2 Bxg3 14. hxg3 Qg5 15. Qd4 Qe5 16. Qxe5 Nxe5 17. f4 Ng6 18. Rfd1 Bc8 19. Kf2 Rb8 20. b3 Re8 21. Bf3 Bb7 22. Rd3 Re7 23. Rad1 f6 24. Bg4 c5 25. Bf5 Nf8 26. Nd5 Bxd5 27. exd5 g6 28. Bg4 f5 29. Bf3 Nd7 30. g4 Nf6 31. g5 Ne4+ 32. Bxe4 Rxe4 33. g3 Rbe8 34. R1d2 a5 35. c4 a4 36. Kf3 Kf7 37. g4 fxg4+ 38. Kxg4 Rb8 39. Rh2 Kg7 40. Rdh3 h5+ 41. gxh6+ Kh7 42. Rf2 axb3 43. axb3 Rf8 44. Kg3 Rf5 45. Kg4 Rf8 46. Rh4 Rf5 47. Rh1 Rf8 48. Ra1 Kxh6 49. Ra7 Rf7 50. Kg3 Kg7 51. Rf3 Rfe7 52. f5 gxf5 53. Rxf5 Re3+ 54. Rf3 Rxf3+ 55. Kxf3 Kf6 56. Ra2 Rh7 57. Kg2 Ke5 58. Rd2 Ke4 59. Rd1 Ke3 60. Kg3 Ke2 61. Rb1 Kd3 62. Rf1 Rg7+ 63. Kh4 Kc3 64. Rf3+ Kb4 65. Kh5 Rg2 66. Kh4 Rb2 67. Rf7 Rxb3 68. Rxc7 Kxc4 0-1


[Site "https://www.chess.com"]

[Event "Late Titled Tuesday Blitz February 8 2022"]
[White "Rudzinska, Michalina"]
[Black "Tsyhanchuk, Stanislav"]
[WhiteFideId "1172883"]
[BlackFideId "13505130"]
[WhiteElo "1904"]
[BlackElo "2078"]
[Result "0-1"]
[Round "02"]
[TimeControl "180+1"]
[Date "2022.02.09"]
[WhiteClock "0:00:20"]
[BlackClock "0:00:54"]

1. h4 d5 2. g3 e5 3. Bg2 Nf6 4. b3 c5 5. Bb2 Nc6 6. e3 h6 7. Ne2 Bd6 8. O-O O-O 9. d3 Qe7 10. Nd2 Ng4 11. c4 d4 12. exd4 cxd4 13. Ne4 Bc7 14. a3 f5 15. Nd2 f4 16. Bd5+ Kh8 17. Ne4 f3 18. Nc1 g5 19. hxg5 hxg5 20. Nxg5 Qxg5 21. Bxf3 Qh5 22. Bxg4 Bxg4 23. f3 Qh3 24. fxg4 Qxg3+ 25. Kh1 e4 26. Bxd4+ Nxd4 27. Ra2 Qh3+ 28. Kg1 Nf3+ 29. Kf2 Nh2+ 30. Ke2 Rxf1 0-1


[Site "https://www.chess.com"]

[Event "Late Titled Tuesday Blitz February 8 2022"]
[White "Rustemov, Alexander"]
[Black "Kukula, Pawel"]
[WhiteFideId "4119002"]
[BlackFideId "1115081"]
[WhiteElo "2816"]
[BlackElo "2203"]
[Result "1-0"]
[Round "02"]
[TimeControl "180+1"]
[Date "2022.02.09"]
[WhiteClock "0:01:11"]
[BlackClock "0:00:35"]

1. d4 f5 2. g3 Nf6 3. Bg2 e6 4. Nf3 d5 5. O-O Bd6 6. c4 c6 7. b3 Qe7 8. Bb2 O-O 9. Ne5 Nbd7 10. Nd3 b6 11. Nd2 Bb7 12. Nf3 Ne4 13. e3 a5 14. Qc2 Rac8 15. Rac1 c5 16. dxc5 Ndxc5 17. Nde5 Ba6 18. Rfd1 dxc4 19. Nxc4 Bc7 20. a4 Rcd8 21. Nd4 Bb7 22. Nb5 Bb8 23. Nxb6 Rxd1+ 24. Rxd1 Bc6 25. Ba3 Bxb5 26. axb5 Bd6 27. Nc4 1-0


[Site "https://www.chess.com"]

[Event "Late Titled Tuesday Blitz February 8 2022"]
[White "Sadhwani, Raunak"]
[Black "Barp, Alberto"]
[WhiteFideId "35093487"]
[BlackFideId "872555"]
[WhiteElo "2616"]
[BlackElo "2229"]
[Result "1-0"]
[Round "02"]
[TimeControl "180+1"]
[Date "2022.02.08"]
[WhiteClock "0:02:05"]
[BlackClock "0:00:11"]

1. c4 e5 2. d3 Bb4+ 3. Bd2 Bxd2+ 4. Qxd2 c5 5. Nc3 Nc6 6. g3 Nge7 7. Bg2 O-O 8. Nf3 d6 9. O-O h6 10. h3 Be6 11. e3 Qd7 12. Kh2 d5 13. cxd5 Nxd5 14. a3 Rfd8 15. Rfd1 Rac8 16. Rac1 b6 17. Nxd5 Bxd5 18. b4 cxb4 19. axb4 Qd6 20. b5 Ne7 21. Qb2 Rxc1 22. Rxc1 Ng6 23. Rc3 e4 24. Nd2 exd3 25. Rxd3 Qc5 26. Qd4 Ne7 27. e4 Qxd4 28. Rxd4 1-0


[Site "https://www.chess.com"]

[Event "Late Titled Tuesday Blitz February 8 2022"]
[White "Shahade, Gregory"]
[Black "Deac, Bogdan-Daniel"]
[WhiteFideId "2009064"]
[BlackFideId "1226380"]
[WhiteElo "2674"]
[BlackElo "2646"]
[Result "0-1"]
[Round "02"]
[TimeControl "180+1"]
[Date "2022.02.08"]
[WhiteClock "0:00:54"]
[BlackClock "0:00:55"]

1. e4 e5 2. Nf3 Nc6 3. Bb5 Nf6 4. d3 d6 5. O-O Be7 6. c3 O-O 7. Re1 a6 8. Ba4 Re8 9. Nbd2 Bf8 10. Nf1 b5 11. Bc2 d5 12. Qe2 h6 13. Ng3 g6 14. h3 Bg7 15. a4 Rb8 16. axb5 axb5 17. Be3 Be6 18. Rad1 b4 19. Ba4 Bd7 20. Bd2 bxc3 21. bxc3 Nd4 22. cxd4 Bxa4 23. Ra1 dxe4 24. dxe4 Bb5 25. Qe3 exd4 26. Qxd4 Nxe4 27. Qxd8 Rbxd8 28. Rab1 Nxd2 29. Rxe8+ Bxe8 30. Nxd2 Rxd2 31. Rb8 Kf8 32. Rc8 Be5 33. Nf1 Rd1 34. g3 Ke7 35. Rb8 Bd7 36. Kg2 Bc6+ 0-1


[Site "https://www.chess.com"]

[Event "Late Titled Tuesday Blitz February 8 2022"]
[White "Shoker, Samy"]
[Black "Romanchuk, Viktor"]
[WhiteFideId "627143"]
[BlackFideId "14109271"]
[WhiteElo "2826"]
[BlackElo "2567"]
[Result "1-0"]
[Round "02"]
[TimeControl "180+1"]
[Date "2022.02.09"]
[WhiteClock "0:00:37"]
[BlackClock "0:00:11"]

1. Nf3 d5 2. c4 c6 3. g3 Nf6 4. Bg2 Bg4 5. Ne5 Bh5 6. cxd5 Nxd5 7. Nc3 e6 8. O-O Nd7 9. Nc4 Be7 10. d3 O-O 11. Bd2 Nc5 12. Rc1 Nxd3 13. Rb1 Nc5 14. Re1 Bf6 15. a3 Nd3 16. Rf1 Nxb2 17. Rxb2 Nxc3 18. Bxc3 Bxc3 19. Rxb7 Qxd1 20. Rxd1 Bxe2 21. Rc1 Bxc4 22. Rxc3 Bd5 23. Bxd5 cxd5 24. Rcc7 Rac8 25. Rxa7 Rxc7 26. Rxc7 Ra8 27. Rc3 d4 28. Rb3 e5 29. Kf1 g6 30. Ke2 Rc8 31. Kd3 f5 32. a4 Kf7 33. a5 Ra8 34. Ra3 Ra6 35. Kc4 Ke6 36. Kb5 Rd6 37. a6 d3 38. a7 d2 39. Ra1 Rd8 40. Rd1 e4 41. Rxd2 Rxd2 42. a8=Q Rxf2 43. Qc6+ Kf7 44. Qc4+ Ke8 45. Qg8+ Ke7 46. Qxh7+ Kf6 47. Qh8+ Kf7 48. Qh7+ Kf6 49. Kc4 Rf3 50. Qh8+ Kf7 51. Kd4 e3 52. Kd3 g5 53. Qh5+ 1-0


[Site "https://www.chess.com"]

[Event "Late Titled Tuesday Blitz February 8 2022"]
[White "Sjugirov, Sanan"]
[Black "Domingo Nunez, Alejandro"]
[WhiteFideId "4189302"]
[BlackFideId "22245561"]
[WhiteElo "2602"]
[BlackElo "2215"]
[Result "1-0"]
[Round "02"]
[TimeControl "180+1"]
[Date "2022.02.08"]
[WhiteClock "0:00:24"]
[BlackClock "0:00:06"]

1. e4 c6 2. Nf3 d5 3. d3 g6 4. e5 Bg7 5. d4 f6 6. exf6 exf6 7. Be2 Nh6 8. O-O O-O 9. c4 Be6 10. cxd5 Bxd5 11. Nc3 Bf7 12. h3 Re8 13. Bf4 Nf5 14. Qd2 Nd7 15. Bd3 Ne7 16. Bh2 Nb6 17. Rfe1 Nc4 18. Qc2 Qa5 19. Re2 Rad8 20. Rae1 Kf8 21. Ne4 Qd5 22. Nc5 b6 23. Ne6+ Bxe6 24. Rxe6 Nd6 25. Rxd6 Rxd6 26. Be4 Qe6 27. Bxg6 Nxg6 28. Rxe6 Rdxe6 29. Bg3 Bh6 30. Qf5 Kg7 31. d5 cxd5 32. Qxd5 R8e7 33. Nd4 Re1+ 34. Kh2 Kh8 35. Nf5 Bf8 36. Nxe7 Bxe7 37. Qa8+ Kg7 38. Qxa7 Ra1 39. Bd6 Kf7 40. Bxe7 Nxe7 41. Qxb6 h6 42. Qb3+ Kg7 43. Qe6 Ng6 44. b4 Rb1 45. b5 h5 46. b6 Nf4 47. Qd7+ Kg6 48. b7 h4 49. Qe8+ Kg5 50. b8=Q 1-0


[Site "https://www.chess.com"]

[Event "Late Titled Tuesday Blitz February 8 2022"]
[White "Sliwicki, Damian"]
[Black "Mustafayev, Farid"]
[WhiteFideId "1127128"]
[BlackFideId "13408771"]
[WhiteElo "2084"]
[BlackElo "2129"]
[Result "0-1"]
[Round "02"]
[TimeControl "180+1"]
[Date "2022.02.09"]
[WhiteClock "0:00:01"]
[BlackClock "0:02:14"]

1. e4 Nf6 2. Nc3 d5 3. e5 Nfd7 4. e6 fxe6 5. d4 g6 6. Bd3 Bg7 7. h4 Nf6 8. h5 Nxh5 9. Rxh5 gxh5 10. Qxh5+ Kd7 11. Nf3 Nc6 12. Bf4 Qe8 13. Qg4 Bxd4 14. Nxd5 h5 15. Qh3 Bc3+ 0-1


[Site "https://www.chess.com"]

[Event "Late Titled Tuesday Blitz February 8 2022"]
[White "Sloan, Julia Elizabeth"]
[Black "Yang, Qindong"]
[WhiteFideId "2018950"]
[BlackFideId "8603758"]
[WhiteElo "2113"]
[BlackElo "2101"]
[Result "0-1"]
[Round "02"]
[TimeControl "180+1"]
[Date "2022.02.09"]
[WhiteClock "0:02:06"]
[BlackClock "0:01:03"]

1. d4 d6 2. e4 Nf6 3. f3 g6 4. Be3 Bg7 5. Qd2 c6 6. c3 O-O 7. Bh6 e5 8. Bxg7 Kxg7 9. h4 h5 10. Nh3 Qe7 11. Ng5 Nbd7 12. Bc4 d5 13. Bd3 dxe4 14. fxe4 Ng4 15. O-O Ndf6 16. dxe5 Qxe5 17. Nf3 Qc5+ 18. Kh1 Rd8 19. Qe2 Be6 20. Na3 Ne3 21. Rfc1 Nfg4 22. Nc2 Rxd3 23. Nxe3 Qxe3 24. Qxe3 Nxe3 0-1


[Site "https://www.chess.com"]

[Event "Late Titled Tuesday Blitz February 8 2022"]
[White "Stanisz, Patryk"]
[Black "Chernomordik, Pavel"]
[WhiteFideId "1123106"]
[BlackFideId "2804530"]
[WhiteElo "1876"]
[BlackElo "2249"]
[Result "1-0"]
[Round "02"]
[TimeControl "180+1"]
[Date "2022.02.09"]
[WhiteClock "0:00:20"]
[BlackClock "0:00:21"]

1. Nf3 g6 2. c4 Bg7 3. Nc3 d6 4. e4 c5 5. d3 Nc6 6. g3 Nf6 7. Bg2 O-O 8. O-O e5 9. Nd5 h6 10. h3 Kh7 11. Kh2 Nd7 12. Rb1 a5 13. b3 f5 14. a3 Nf6 15. Ne1 g5 16. f3 f4 17. g4 h5 18. Rh1 Kg6 19. Kg1 Nd4 20. Nc2 Bd7 21. Nxd4 exd4 22. Rh2 Bc6 23. Nxf6 Bxf6 24. Bf1 b6 25. Bd2 b5 26. Qe2 bxc4 27. bxc4 Rb8 28. Rxb8 Qxb8 29. Bxa5 Qb3 30. Qb2 Qa4 31. Be1 Qa7 32. Qc1 Rb8 33. Rb2 Qxa3 34. Rc2 Qb3 35. Qd2 Bd8 36. gxh5+ Kxh5 37. Qg2 Bd7 38. h4 Bf6 39. hxg5 Bxg5 40. Qh2+ Kg6 41. Rg2 Rg8 42. Bh4 Kf6 43. Qxf4+ Ke7 44. Bxg5+ Ke8 45. Qxd6 Rg7 46. Qe5+ Kf7 47. Qf6+ Kg8 48. Qd8+ Kh7 49. Rh2+ Kg6 50. Qf6# 1-0


[Site "https://www.chess.com"]

[Event "Late Titled Tuesday Blitz February 8 2022"]
[White "Stankovic, Ivan G"]
[Black "Burke, Paul"]
[WhiteFideId "902837"]
[BlackFideId "2605767"]
[WhiteElo "2195"]
[BlackElo "1825"]
[Result "1-0"]
[Round "02"]
[TimeControl "180+1"]
[Date "2022.02.09"]
[WhiteClock "0:00:18"]
[BlackClock "0:00:07"]

1. e4 e5 2. d4 exd4 3. Qxd4 Nc6 4. Qe3 d6 5. Nc3 Be7 6. Bd2 Nf6 7. O-O-O O-O 8. h4 a6 9. Qg3 Ne5 10. f4 Neg4 11. h5 Nh6 12. f5 Kh8 13. Bxh6 gxh6 14. e5 Bxf5 15. exf6 Bxf6 16. Bd3 Bxd3 17. Qxd3 Bg5+ 18. Kb1 c6 19. Nf3 Bf4 20. Ne2 Be5 21. Nxe5 dxe5 22. Qe3 Qe7 23. Qxh6 f6 24. Ng3 Qg7 25. Qxg7+ Kxg7 26. Nf5+ Kh8 27. Rd7 b5 28. Nh6 c5 29. Rhd1 f5 30. Re7 Rae8 31. Rdd7 Rxe7 32. Rxe7 e4 33. Kc1 Rf6 34. Nf7+ Kg8 35. Ng5 Rh6 36. g4 fxg4 37. Rxe4 Rxh5 38. Rxg4 Kf8 39. b3 Ke7 40. Re4+ Kf6 41. Ne6 Re5 42. Rxe5 Kxe5 43. Nc7 h5 44. Nxa6 h4 45. Nxc5 h3 46. Nd3+ Kd4 47. Nf2 h2 48. a4 bxa4 49. bxa4 Ke3 50. Nh1 Kf3 51. a5 Kg2 52. a6 Kxh1 53. a7 Kg1 54. a8=Q h1=Q 55. Qxh1+ Kxh1 56. c4 1-0


[Site "https://www.chess.com"]

[Event "Late Titled Tuesday Blitz February 8 2022"]
[White "Stearman, Josiah"]
[Black "Kopylov, Alexander A."]
[WhiteFideId "2062496"]
[BlackFideId "4164857"]
[WhiteElo "2546"]
[BlackElo "2804"]
[Result "1/2-1/2"]
[Round "02"]
[TimeControl "180+1"]
[Date "2022.02.09"]
[WhiteClock "0:00:18"]
[BlackClock "0:00:36"]

1. e4 c6 2. Nc3 d5 3. Nf3 dxe4 4. Nxe4 Nf6 5. Qe2 Nxe4 6. Qxe4 Nd7 7. d4 Nf6 8. Qh4 Bf5 9. c3 e6 10. Bg5 Be7 11. Qg3 h6 12. Bxf6 Bxf6 13. Ne5 Qb6 14. Nc4 Qd8 15. Nd6+ Kf8 16. Nxf5 exf5 17. Bd3 Qe7+ 18. Kd2 Qd7 19. h4 h5 20. Kc2 g6 21. Qf4 Rd8 22. Rad1 Qd6 23. Qxd6+ Rxd6 24. g3 f4 25. gxf4 Be7 26. f5 gxf5 27. Rde1 Rg8 28. Bxf5 Rg2 29. Re2 Rf6 30. Bd3 Rfxf2 31. Kd2 Bd6 32. Kd1 Kg7 33. Rxf2 Rxf2 34. Be2 Kh6 35. Rh3 Rf4 36. Bc4 Be7 37. Ke2 f5 38. Ke3 Rxh4 39. Rxh4 Bxh4 40. d5 cxd5 41. Bxd5 b6 42. Kf4 Kg6 43. Bc6 Bg5+ 44. Kg3 Kf6 45. a4 Ke5 46. Be8 h4+ 47. Kh3 Ke4 48. Bg6 Bf6 49. Bh7 Kf4 50. Bg6 Kg5 51. Be8 f4 52. Kg2 Kg4 53. Bd7+ Kg5 54. Kf3 Be5 55. Bc8 Kf6 56. Kg4 Bd6 57. Kxh4 Ke5 58. Kg4 Ke4 59. Bb7+ Ke3 60. b4 Kd3 61. a5 b5 62. Bc6 Kc4 63. Kf3 Be5 64. a6 Bxc3 65. Kxf4 Bxb4 66. Ke3 Bc3 67. Ke2 b4 68. Kd1 Kb3 69. Bd5+ Kb2 70. Bc4 Bd4 71. Bd5 Be5 72. Bc4 Bf4 73. Bd5 Bg5 74. Be6 Kc3 75. Bf7 b3 76. Be6 Kb2 77. Bf7 Ka3 78. Be6 Ka2 79. Bf7 Bh6 80. Be6 Kb2 81. Bf7 Kc3 82. Be6 b2 83. Bf5 Kb3 84. Be6+ Ka3 85. Kc2 Bg7 86. Kb1 Kb4 87. Bc8 Kb5 88. Bb7 Kb6 89. Bc8 Bf6 90. Bb7 Kc7 91. Kc2 Be5 92. Kb1 Kb6 93. Kc2 Kb5 94. Kb1 Kb4 95. Bc8 Ka4 96. Bb7 Ka5 97. Bc8 Kb6 98. Bb7 Kc5 99. Kc2 Bf6 100. Kb1 Kb6 101. Bc8 Be5 102. Bb7 Kb5 103. Kc2 Kb6 104. Kb1 1/2-1/2


[Site "https://www.chess.com"]

[Event "Late Titled Tuesday Blitz February 8 2022"]
[White "Suarez Uriel, Adrian"]
[Black "Oro, Luis"]
[WhiteFideId "22230874"]
[BlackFideId "104094"]
[WhiteElo "2316"]
[BlackElo "2292"]
[Result "1-0"]
[Round "02"]
[TimeControl "180+1"]
[Date "2022.02.09"]
[WhiteClock "0:01:13"]
[BlackClock "0:00:02"]

1. e4 e5 2. Nf3 Nc6 3. Bc4 Bc5 4. O-O Nf6 5. d3 h6 6. c3 O-O 7. a4 a5 8. h3 d6 9. Nbd2 Bb6 10. Re1 Be6 11. Bb5 Ne7 12. d4 Ng6 13. Nf1 c6 14. Bd3 Qc7 15. Ng3 Rfe8 16. Qc2 Rad8 17. d5 Bd7 18. c4 cxd5 19. exd5 Nf4 20. Bxf4 exf4 21. Nf5 Bc5 22. b3 Bb4 23. Rxe8+ Rxe8 24. N3d4 g6 25. Nxh6+ Kg7 26. Ng4 Bxg4 27. hxg4 Nxg4 28. Be2 Ne5 29. Rd1 Bc5 30. Bf1 Rh8 31. Qe4 Rh4 32. g3 Rg4 33. Bh3 Rg5 34. Qxf4 Bxd4 35. Rxd4 Rh5 36. Bg2 Qc5 37. Qe3 Qa3 38. Rd1 Qb2 39. c5 dxc5 40. d6 Nd7 41. Bxb7 Re5 42. Qd2 Qxb3 43. Bc6 Nf6 44. d7 Nxd7 45. Bxd7 c4 46. Bb5 c3 47. Qd4 f6 48. Rc1 c2 49. Qc4 Qa3 50. Qxc2 Qb4 51. Qc3 Qd6 52. Re1 Rc5 53. Qe3 Rf5 54. Qe7+ Qxe7 55. Rxe7+ Kh6 56. Ra7 1-0


[Site "https://www.chess.com"]

[Event "Late Titled Tuesday Blitz February 8 2022"]
[White "Sviridov, Valery"]
[Black "Goryachkina, Aleksandra"]
[WhiteFideId "4120680"]
[BlackFideId "4147103"]
[WhiteElo "2454"]
[BlackElo "2426"]
[Result "1-0"]
[Round "02"]
[TimeControl "180+1"]
[Date "2022.02.08"]
[WhiteClock "0:00:53"]
[BlackClock "0:00:04"]

1. Nf3 d5 2. g3 Bg4 3. Bg2 c6 4. O-O Nf6 5. d4 e6 6. Nbd2 Nbd7 7. Re1 Be7 8. e4 h6 9. c3 O-O 10. h3 Bh5 11. Qb3 Qb6 12. exd5 cxd5 13. Nh4 Ne8 14. Ndf3 Bxf3 15. Nxf3 Nd6 16. Qd1 Rfe8 17. Bf1 Ne4 18. Bd3 f5 19. Kg2 Bd6 20. Ng1 Ndf6 21. Ne2 e5 22. Qb3 Qc7 23. dxe5 Bxe5 24. Be3 Kh8 25. Rad1 g5 26. Bd4 f4 27. Qa4 a6 28. Bxe5 Rxe5 29. Qd4 Rae8 30. Bxe4 dxe4 31. Kg1 f3 32. Qd6 Qxd6 33. Rxd6 fxe2 34. Rxf6 e3 35. Rxe2 exf2+ 36. Rexf2 Re3 37. Kg2 Rd3 38. Rxh6+ 1-0


[Site "https://www.chess.com"]

[Event "Late Titled Tuesday Blitz February 8 2022"]
[White "Tan, Jun Ying"]
[Black "Li, Ben"]
[WhiteFideId "5710413"]
[BlackFideId "2089980"]
[WhiteElo "1827"]
[BlackElo "2267"]
[Result "0-1"]
[Round "02"]
[TimeControl "180+1"]
[Date "2022.02.09"]
[WhiteClock "0:00:07"]
[BlackClock "0:00:24"]

1. d4 d5 2. c4 e6 3. Nc3 Bb4 4. cxd5 exd5 5. Bf4 Nf6 6. e3 Bf5 7. Bd3 Bxd3 8. Qxd3 c6 9. Ne2 O-O 10. O-O Re8 11. a3 Bd6 12. Rab1 Bxf4 13. Nxf4 Nbd7 14. Rfc1 h6 15. b4 a6 16. a4 b5 17. a5 Rc8 18. Qd1 Nf8 19. Nd3 N6d7 20. Ne2 Qf6 21. Nef4 g5 22. Nh5 Qd6 23. Nc5 Nxc5 24. Rxc5 Nd7 25. Rc3 Qg6 26. Rbc1 Re6 27. Ng3 f5 28. Qc2 Rf6 29. Ne2 Kg7 30. Qd3 Re8 31. R1c2 Ree6 32. Nc1 f4 33. Qxg6+ Kxg6 34. Nb3 fxe3 35. Rxe3 Rxe3 36. fxe3 Re6 37. Kf2 Nf6 38. Nc5 Ng4+ 39. Ke2 Rxe3+ 40. Kd2 Ra3 41. Nxa6 Kf5 42. Rxc6 Ke4 43. h3 Ne3 44. Nc5+ Kxd4 45. Ne6+ Ke5 46. a6 Nc4+ 47. Ke2 d4 48. Nc5 Nd6 49. Rc7 Ra2+ 50. Ke1 Nc4 51. a7 Ne3 52. Nd3+ Ke4 53. Nc5+ Kd5 54. Rd7+ Kc4 55. Rh7 Nxg2+ 56. Kf1 Ne3+ 57. Ke1 d3 58. Nxd3 Kxd3 59. Rd7+ Kc4 60. Rc7+ Kxb4 61. Re7 Nc4 62. Re6 Rxa7 63. Rxh6 Ra1+ 64. Kf2 Ra2+ 65. Kf3 Ra3+ 66. Kg4 Re3 67. Kxg5 Kc3 68. h4 b4 69. h5 b3 70. Rh8 Re5+ 71. Kg6 Rb5 72. Rf8 Ne5+ 73. Kg7 b2 74. Rf1 b1=Q 75. Rxb1 Rxb1 76. h6 Rg1+ 77. Kf6 Ng4+ 78. Kg6 Nxh6+ 79. Kxh6 Kd4 80. Kh5 Ke5 81. Kh4 Kf4 82. Kh3 Rg4 83. Kh2 Rg3 84. Kh1 Kf3 85. Kh2 Kf2 86. Kh1 Rh3# 0-1


[Site "https://www.chess.com"]

[Event "Late Titled Tuesday Blitz February 8 2022"]
[White "Tang, Andrew"]
[Black "Yang, Cayden"]
[WhiteFideId "2059630"]
[BlackFideId "30967260"]
[WhiteElo "2584"]
[BlackElo "2620"]
[Result "0-1"]
[Round "02"]
[TimeControl "180+1"]
[Date "2022.02.08"]
[WhiteClock "0:00:03"]
[BlackClock "0:00:06"]

1. d4 Nf6 2. c4 g6 3. f3 d5 4. cxd5 Nxd5 5. e4 Nb6 6. Nc3 Bg7 7. Be3 O-O 8. Qd2 Nc6 9. O-O-O f5 10. h4 fxe4 11. h5 exf3 12. hxg6 hxg6 13. Nxf3 Bg4 14. d5 Ne5 15. Nxe5 Bxe5 16. Bd4 Qd6 17. Qg5 Bf4+ 18. Kb1 Bxg5 19. Ne4 Bf5 20. Bd3 Bxe4 21. Bxe4 Bf6 22. Be3 Qe5 23. Rd4 Qxd4 24. Bxd4 Bxd4 25. Bxg6 Kg7 26. Be4 Rf2 27. Rh7+ Kf6 28. g3 Rxb2+ 29. Kc1 Ke5 30. Rh4 Rf8 31. Bd3 Rff2 32. Re4+ Kxd5 33. Rxe7 Be3+ 34. Rxe3 Kd4 0-1


[Site "https://www.chess.com"]

[Event "Late Titled Tuesday Blitz February 8 2022"]
[White "Tari, Aryan"]
[Black "Gubajdullin, Alexei"]
[WhiteFideId "1510045"]
[BlackFideId "4141202"]
[WhiteElo "2567"]
[BlackElo "2268"]
[Result "1-0"]
[Round "02"]
[TimeControl "180+1"]
[Date "2022.02.08"]
[WhiteClock "0:02:07"]
[BlackClock "0:01:14"]

1. d4 Nf6 2. Nf3 g6 3. Nbd2 d5 4. e3 c5 5. dxc5 Qa5 6. a3 Qxc5 7. b4 Qc7 8. Bb2 Bg7 9. c4 O-O 10. Rc1 dxc4 11. Bxc4 Qd6 12. O-O Nc6 13. Qb3 e6 14. Bc3 b6 15. Qb2 Qe7 16. b5 Na5 17. Bb4 Nxc4 18. Nxc4 Nd5 19. Bxe7 Bxb2 20. Bxf8 Bxc1 21. Bh6 Bd7 22. Rxc1 Rc8 23. e4 Nf6 24. Nd6 Rd8 25. Bg5 1-0


[Site "https://www.chess.com"]

[Event "Late Titled Tuesday Blitz February 8 2022"]
[White "Urbina Perez, Juan Antonio"]
[Black "Calcada, Lucas Galvan"]
[WhiteFideId "2217368"]
[BlackFideId "22746099"]
[WhiteElo "2192"]
[BlackElo "1402"]
[Result "1/2-1/2"]
[Round "02"]
[TimeControl "180+1"]
[Date "2022.02.09"]
[WhiteClock "0:00:15"]
[BlackClock "0:00:36"]

1. e4 c5 2. Nf3 d6 3. Bb5+ Nd7 4. d4 cxd4 5. Qxd4 e6 6. c4 a6 7. Bxd7+ Bxd7 8. Nc3 Qc7 9. b3 Nf6 10. Bb2 Bc6 11. O-O Rc8 12. Rfe1 Be7 13. Rad1 O-O 14. Nd5 exd5 15. exd5 Be8 16. Rd2 Bd8 17. Rde2 Bd7 18. Ng5 Bf5 19. h3 Bg6 20. g4 Qc5 21. Qf4 b5 22. Bd4 Qc7 23. h4 h6 24. Nf3 bxc4 25. bxc4 Qd7 26. h5 Bh7 27. g5 hxg5 28. Nxg5 Qg4+ 29. Qxg4 Nxg4 30. Ne4 Rxc4 31. Rd1 Bxe4 32. Rxe4 Nf6 33. Rh4 Nxd5 34. Rg4 f5 35. Rxg7+ Kh8 36. Rf7+ Kg8 37. Rg7+ Kh8 38. Rf7+ Kg8 39. Rg7+ 1/2-1/2


[Site "https://www.chess.com"]

[Event "Late Titled Tuesday Blitz February 8 2022"]
[White "Velikanov, Alexander"]
[Black "Sevian, Samuel"]
[WhiteFideId "2039290"]
[BlackFideId "2040506"]
[WhiteElo "2259"]
[BlackElo "2698"]
[Result "0-1"]
[Round "02"]
[TimeControl "180+1"]
[Date "2022.02.08"]
[WhiteClock "0:00:38"]
[BlackClock "0:01:40"]

1. d4 Nf6 2. Nf3 d5 3. c4 c6 4. Qc2 g6 5. e3 Bf5 6. Bd3 Bxd3 7. Qxd3 Bg7 8. O-O O-O 9. Nc3 c5 10. dxc5 Na6 11. Nxd5 Nxc5 12. Nxf6+ Bxf6 13. Qc2 Qd3 14. Qxd3 Nxd3 15. Rb1 a6 16. b3 b5 17. Bd2 Rfc8 18. Rfd1 bxc4 19. bxc4 Rxc4 20. Ba5 Nb2 21. Rd2 Ra4 22. Bc7 Nc4 23. Re2 Rc8 24. Bg3 Na3 25. Rd1 Rc2 26. Rdd2 Rc1+ 27. Re1 Rac4 28. h3 Rxe1+ 29. Nxe1 Rc1 30. f3 Bc3 31. Re2 Nc4 32. Kh2 Nd2 33. Bf2 Ra1 34. g4 Rxa2 35. Kg2 a5 36. e4 a4 37. Be3 a3 38. f4 Rb2 39. Nd3 a2 40. Nxb2 a1=Q 0-1


[Site "https://www.chess.com"]

[Event "Late Titled Tuesday Blitz February 8 2022"]
[White "Villegas, Pierre"]
[Black "Sarkar, Justin"]
[WhiteFideId "654183"]
[BlackFideId "2010011"]
[WhiteElo "2410"]
[BlackElo "2038"]
[Result "0-1"]
[Round "02"]
[TimeControl "180+1"]
[Date "2022.02.09"]
[WhiteClock "0:00:26"]
[BlackClock "0:00:13"]

1. d4 Nf6 2. c4 e6 3. Nc3 Bb4 4. f3 d5 5. a3 Bxc3+ 6. bxc3 O-O 7. cxd5 exd5 8. e3 Bf5 9. Ne2 Nbd7 10. g4 Be6 11. Ng3 Ne8 12. Bd3 c5 13. O-O Nd6 14. f4 f5 15. a4 Qh4 16. g5 h6 17. gxh6 Qxh6 18. Ba3 b6 19. Qc2 Ne4 20. Bxe4 fxe4 21. dxc5 Nxc5 22. c4 Rac8 23. cxd5 Bxd5 0-1


[Site "https://www.chess.com"]

[Event "Late Titled Tuesday Blitz February 8 2022"]
[White "Vusatiuk, Vladimir"]
[Black "Daianu, Cristian-Clement"]
[WhiteFideId "14118610"]
[BlackFideId "1208926"]
[WhiteElo "2157"]
[BlackElo "2159"]
[Result "1-0"]
[Round "02"]
[TimeControl "180+1"]
[Date "2022.02.09"]
[WhiteClock "0:01:39"]
[BlackClock "0:01:47"]

1. c4 Nf6 2. d4 g6 3. h4 d5 4. cxd5 Nxd5 5. h5 c5 6. e4 Nf6 7. hxg6 fxg6 8. e5 Nd5 9. Bd3 Bg7 10. Rxh7 Rxh7 11. Bxg6+ Kf8 12. Bxh7 Qa5+ 13. Bd2 Nb4 14. Qb3 e6 15. dxc5 N8c6 16. a3 Bh6 17. Bxh6+ 1-0


[Site "https://www.chess.com"]